 Dungeon Crawl Stone Soup version 0.30-a0-341-g682706514a (webtiles) character file.

Game seed: 11021046058208937964

19 Pooter the Sneak (level 2, 0/15 HPs)
             Began as a Kobold Enchanter on Nov 1, 2022.
             Slain by an endoplasm (2 damage)
             ... on level 1 of the Dungeon.
             The game lasted 00:06:14 (327 turns).

Pooter the Sneak (Kobold Enchanter)                  Turns: 327, Time: 00:06:15

Health: 0/15       AC:  2    Str:  5    XL:     2   Next: 95%
Magic:  1/5        EV: 15    Int: 16    God:
Gold:   17         SH:  0    Dex: 15    Spells: 4/6 levels left

rFire   . . .      SeeInvis .    a - +1 dagger
rCold   . . .      Faith    .    (no shield)
rNeg    . . .      Spirit   .    b - +0 robe
rPois   .          Reflect  .    (no helmet)
rElec   .          Harm     .    (no cloak)
rCorr   .          Rampage  .    (no gloves)
Will    .....                    (no boots)
Stlth   ++++......               (no amulet)
HPRegen 0.22/turn                (no ring)
MPRegen 0.09/turn                (no ring)

@: invisible
A: small, no large weapons, nightstalker 3
a: no special abilities


You were on level 1 of the Dungeon.
You visited 1 branch of the dungeon, and saw 1 of its levels.

You collected 17 gold pieces.

Inventory:

Hand Weapons
 a - a +1 dagger (weapon)
 f - a +0 spear
   (You found it on level 1 of the Dungeon)
Missiles
 i - 3 poisoned darts (quivered)
 Q - 18 stones
Armour
 b - a +0 robe (worn)
Scrolls
 e - a scroll of identify {unknown}
 j - a scroll of fear {unknown}
Potions
 d - a potion of degeneration {unknown}
 g - a potion of curing {unknown}
 h - a potion of resistance {unknown}


   Skills:
 + Level 1.8 Short Blades
 + Level 2.6 Dodging
 + Level 4.2 Stealth
 * Level 2.6 Spellcasting
 + Level 3.0 Hexes
 + Level 0.4 Ice Magic


You had 4 spell levels left.
You knew the following spells:

 Your Spells              Type           Power      Damage    Failure   Level
a - Ensorcelled Hibernat  Hex/Ice        14%        N/A       14%         2

Your spell library contained the following spells:

 Spells                   Type           Power      Damage    Failure   Level
 Confusing Touch          Hex            12%        N/A       16%         3
 Tukima's Dance           Hex            12%        N/A       16%         3
 Dazzling Flash           Conj/Hex       14%        N/A       30%         3


Dungeon Overview and Level Annotations

Branches:
Dungeon (1/15)

Altars:


Innate Abilities, Weirdness & Mutations

You are small and have problems with some larger weapons.
You are completely attuned to the shadows.


Message History

Your magical contamination has completely faded away.
You hit the hobgoblin. The bat hits you but does no damage.
The hobgoblin hits you. The goblin closely misses you.
You closely miss the hobgoblin. The bat hits you. The hobgoblin misses you.
The goblin barely misses you.
You barely miss the hobgoblin. The hobgoblin closely misses you.
The goblin hits you with a +0 club.
You hit the hobgoblin but do no damage. The bat misses you.
The hobgoblin hits you but does no damage.
The goblin hits you with a +0 club.
* * * LOW HITPOINT WARNING * * *
Aim: a goblin, wielding a +0 club (chance to affect: 58%)
The goblin looks drowsy...
* * * LOW MAGIC WARNING * * *
The bat closely misses you. The hobgoblin hits you.
* * * LOW HITPOINT WARNING * * *
The helpless goblin fails to defend itself.
You impale the goblin!!
You kill the goblin!
The bat hits you.
* * * LOW HITPOINT WARNING * * *
The hobgoblin misses you.
A ball python comes into view.
You hit the hobgoblin.
You kill the hobgoblin!
The bat misses you. The bat hits you.
* * * LOW HITPOINT WARNING * * *
Things that are here:
a +0 club; 16 gold pieces; a +0 dagger You fade into invisibility!
The bat hits you but does no damage. The bat attacks as you move away!
The bat misses you. The bat hits you but does no damage. The bat misses you.
The bat hits you but does no damage. The bat misses you.
The bat hits you but does no damage.
You barely miss the bat. The bat hits you.
* * * LOW HITPOINT WARNING * * *
The bat completely misses you.
An endoplasm comes into view.
You barely miss the bat. The bat closely misses you.
The endoplasm quivers.
You hit the bat. The bat misses you.
You completely miss the bat. The bat misses you.
The bat hits you but does no damage.
You hit the endoplasm. The bat completely misses you. The bat misses you.
The endoplasm hits you.
You die...

#.#.###########.#.#
#.................#
#########'#########
#.# #..... .. #'#
#....S
...#.###.....
...#...).....
......###J...
###.##.@...#
#...b###.# #....#
.# ........
##........
#.....###


You could see an endoplasm, a bat and a ball python (wandering, unable to see
you).

Vanquished Creatures
  2 ball pythons (D:1)
  3 bats (D:1)
  2 endoplasms (D:1)
  2 giant cockroaches (D:1)
  2 goblins (D:1)
  2 hobgoblins (D:1)
  2 kobolds (D:1)
  A rat (D:1)
16 creatures vanquished.

Notes
Turn   | Place    | Note
-------+----------+-------------------------------------------
     0 | D:1      | Pooter the Kobold Enchanter began the quest for the Orb.
     0 | D:1      | Reached XP level 1. HP: 10/10 MP: 3/3
    84 | D:1      | Reached XP level 2. HP: 6/15 MP: 5/5
   119 | D:1      | Learned a level 2 spell: Ensorcelled Hibernation
   327 | D:1      | Slain by an endoplasm

Illustrated notes

Levels and vault maps discovered:
D:1:      matt_arrival_los_fun, layout_rooms

Action                   || total
-------------------------++-------
Melee: Dagger            ||    38
 Cast: Ensorcelled Hiber ||     2
  Use: Potion            ||     2
 Stab: Sleeping          ||    11
Armor: Robe              ||     9
Dodge: Dodged            ||    30

Table legend: (Time is in decaauts)
 A = Elapsed time spent in this place.
 B = Non-inter-level travel time spent in this place.
 C = Inter-level travel time spent in this place.
 D = Time resting spent in this place.
 E = Time spent auto-exploring this place.
 F = Levels seen in this place.
 G = Mean time per level.
                   A        B        C        D        E       F      G
               +--------+--------+--------+--------+--------+-----+--------+
         Total |    324 |    324 |      0 |      0 |    179 |   1 |  324.0 |
       Dungeon |    324 |    324 |      0 |      0 |    179 |   1 |  324.0 |
               +--------+--------+--------+--------+--------+-----+--------+

Top non-repeatable levels by time:
     D:1: 324 daAuts
